Map: Terraform LE (Void)

Players

wabbajack

  • Race: Zerg Zerg
  • League: Grandmaster

Kiewi - Winner!

  • Race: Zerg Zerg
  • League: Bronze

VOD

Have the link to the VOD?

Description

Time

  • Played on: July 16, 2015, 11:34 a.m.
  • Length: 2:50
Show
View Real Time Build Order
Export as new Build Order

wabbajack Zerg 

Build Orders: Hatch First 

Get SALT Encoding   

  12  0:02  Drone  
  13  0:13  Overlord  
  13  0:18  Drone  
  14  0:22  Extractor  
  14  0:24  Drone  
  15  0:33  Drone  
  16  0:36  Drone  
  17  0:57  Hatchery  
  16  0:58  Drone  
  16  1:00  Extractor  
  16  1:03  Drone  
  17  1:19  Spawning Pool  
  17  1:25  Drone x2  
  18  1:31  Drone  
  19  1:44  Overlord  
  19  2:04  Drone x2  
  19  2:07  Queen  
  23  2:12  Queen  
  25  2:17  Drone  
  25  2:19  Drone  
  25  2:21  Drone  
  28  2:25  Drone  
Show
View Real Time Build Order
Export as new Build Order

Kiewi Zerg - Winner!

Build Orders: Hatch First 

Get SALT Encoding   

  12  0:01  Drone  
  13  0:13  Overlord  
  13  0:18  Drone  
  14  0:31  Drone x2  
  14  0:35  Drone  
  17  0:53  Hatchery  
  16  0:57  Drone  
  16  0:59  Drone  
  18  1:07  Drone  
  19  1:17  Spawning Pool  
  18  1:20  Drone  
  18  1:22  Extractor  
  18  1:28  Drone  
  19  1:39  Drone  
  20  2:04  Queen  
  20  2:05  Queen  
  20  2:08  Overlord  
  24  2:09  Drone x2  
  24  2:14  Zergling x2  
  27  2:28  Drone x3  
  34  2:47  Spine Crawler  
Tags
 
Add a new tag
Caveats
  • Supply blocks, unpowered buildings, or Contaminate may cause inaccurate times.
  • Supply counts are checked every 10 seconds.